 Dungeon Crawl Stone Soup version 0.26-a0-30-g56b8cd3df0 (webtiles) character file.

Game seed: 13254000200055685486, levelgen mode: deterministic

3094 Apogee the Fighter (level 9, 0/62 HPs)
             Began as a Gargoyle Fighter on May 29, 2020.
             Was a Priest of Makhleb.
             Slain by a hellwing (1 damage)
             ... summoned by the player character
             ... on level 8 of the Dungeon.
             The game lasted 00:37:49 (7653 turns).

Apogee the Fighter (Gargoyle Fighter)               Turns: 7653, Time: 00:37:50

Health: 0/62       AC: 15    Str: 22 (23) XL:     9   Next: 90%
Magic:  3/3        EV:  9    Int:  9      God:    Makhleb [***...]
Gold:   473        SH:  0    Dex:  7 (9)  Spells: 8/8 levels left

rFire    . . .     SeeInvis .   a - +2 flail "Sunau" {antimagic, rC+}
rCold    + + +     Gourm    .   (no shield)
rNeg     + . .     Faith    .   n - +0 scale mail
rPois    ∞         Spirit   .   (no helmet)
rElec    +         Reflect  .   (no cloak)
rCorr    .         Harm     .   e - +0 pair of gloves
MR       .....                  F - +0 pair of boots (curse)
Stlth    ..........             (no amulet)
HPRegen  0.20/turn              q - ring of protection from cold
MPRegen  0.08/turn              (no ring)

@: marked, slowed, very slow
A: cold resistance 1, deterioration 2, high mp 1, negative energy resistance 1,
electricity resistance, unbreathing, petrification resistance, rot immunity, AC
+6
a: Minor Destruction, Lesser Servant of Makhleb, Renounce Religion


You were on level 8 of the Dungeon.
You worshipped Makhleb.
Makhleb was most pleased with you.
You were not hungry.

You visited 1 branch of the dungeon, and saw 8 of its levels.

You collected 473 gold pieces.

Inventory:

Hand Weapons
 a - the +2 flail "Sunau" (weapon) {antimagic, rC+}
   (You found it on level 4 of the Dungeon)

   It reduces the magical energy of the wielder, and disrupts the spells and
   magical abilities of those hit.
   Natural abilities and divine invocations are not affected.
   It protects you from cold.
 b - a +0 hunting sling
 l - a +2 flail of holy wrath
 o - a +0 whip of electrocution
 v - a +2 whip of venom
 L - a +2 great mace of protection
Missiles
 g - 202 stones (quivered)
Armour
 c - a +0 kite shield
 e - a +0 pair of gloves (worn)
 n - a +0 scale mail (worn)
 r - a +0 leather armour of poison resistance
 F - a cursed +0 pair of boots (worn)
Jewellery
 q - a ring of protection from cold (left hand)
 u - an uncursed amulet of faith
 z - an uncursed ring of protection from fire {unknown}
 I - an uncursed amulet of reflection {unknown}
Wands
 y - a wand of iceblast (11)
Scrolls
 h - a scroll of remove curse
 j - 2 scrolls of amnesia
 p - 4 scrolls of identify
 x - 3 scrolls of enchant weapon {unknown}
 B - a scroll of noise {unknown}
 D - a scroll of teleportation {unknown}
 G - 2 scrolls of immolation {unknown}
 K - 2 scrolls of enchant armour {unknown}
Potions
 m - a potion of mutation
 s - a potion of brilliance
 t - a potion of cancellation {unknown}
Comestibles
 d - 3 chunks of flesh
 f - 11 rations


   Skills:
 + Level 10.3 Fighting
 * Level 10.2 Maces & Flails
 - Level 3.2 Armour
 - Level 3.2 Shields


You had 8 spell levels left.
You didn't know any spells.
Your spell library was empty.

Dungeon Overview and Level Annotations

Branches:
Dungeon (8/15)             Temple (0/1) D:5
   Lair: D:8-11

Altars:
Cheibriados
Dithmenos
Makhleb
Qazlal
Vehumet
Xom

Annotations:
D:8 Erica


Innate Abilities, Weirdness & Mutations

You are resistant to torment.
Your stone body is resilient. (AC +6)
You are immune to poison.
You resist negative energy. (rN+)
You are resistant to electric shocks. (rElec)
You can survive without breathing.
You are immune to petrification.
You are immune to rotting.
Your flesh is cold resistant. (rC+)
Your body often deteriorates upon taking damage.
You have an increased reservoir of magic. (+10% MP)


Message History

New annotation for D:8 (include '!' for warning):
Okay, then.
A demon appears!
It doesn't seem very happy.
Erica hits you but does no damage. Erica closely misses you.
The hellwing swoops through the air toward you!
The hellwing hits you but does no damage.
The hellwing hits you.
* * * LOW HITPOINT WARNING * * *
You hit the hellwing.
The hellwing is lightly wounded.
Erica hits you but does no damage. The hellwing barely misses you.
The hellwing hits you but does no damage.
Erica barely misses you.
You completely miss the hellwing.
The hellwing is lightly wounded.
The hellwing hits you.
* * * LOW HITPOINT WARNING * * *
The hellwing hits you.
You die...

# ## ###...
...#.## .....#
##...# #.....
#...######.#
#....Z@@4..#
##..########
#.####..#
#.......#
#####...##
##.....##
##.......## .
#.........####...#
+.........'.......


You could see Erica, a hellwing (summoned) and an adder zombie.

Vanquished Creatures
  Prince Ribbit (D:6)
  A hippogriff (D:7)
  Edmund (D:5)
  2 orc warriors
  2 ice beasts
  2 phantoms
  5 ogres
  5 bullfrogs
  A scorpion (D:5)
  6 wights
  5 howler monkeys
  A quasit (D:6)
  A bullfrog zombie (D:6)
  A centaur zombie (D:5)
  3 jellies
  2 centaur skeletons (D:7)
  4 orc priests (D:7)
  3 orc wizards
  3 hounds
  An iguana (D:5)
  2 worker ants
  A howler monkey skeleton (D:4)
  7 adders
  A shadow imp (D:7)
  An ooze (D:3)
  An adder skeleton (D:4)
  6 worms
  2 dart slugs
  3 leopard geckos
  24 orcs
  8 bats
  2 giant cockroaches
  13 goblins
  7 hobgoblins
  7 jackals
  5 quokkas
  8 frilled lizards
  8 kobolds
  A quokka skeleton (D:5)
  7 rats
164 creatures vanquished.

Vanquished Creatures (others)
  A quokka (D:8)
1 creature vanquished.

Grand Total: 165 creatures vanquished

Notes
Turn   | Place    | Note
-------+----------+-------------------------------------------
     0 | D:1      | Apogee the Gargoyle Fighter began the quest for the Orb.
     0 | D:1      | Reached XP level 1. HP: 14/14 MP: 1/1
   200 | D:1      | Reached XP level 2. HP: 19/19 MP: 2/2
   957 | D:1      | Reached XP level 3. HP: 23/23 MP: 3/3
  1541 | D:2      | Found a burning altar of Makhleb.
  1545 | D:2      | Became a worshipper of Makhleb the Destroyer
  1605 | D:2      | Reached XP level 4. HP: 25/28 MP: 4/4
  1817 | D:2      | Found a stormy altar of Qazlal.
  1828 | D:2      | Found a shadowy altar of Dithmenos.
  1843 | D:2      | Found a shimmering altar of Xom.
  2475 | D:3      | Reached * piety under Makhleb
  2475 | D:3      | Reached skill level 5 in Maces & Flails
  2475 | D:3      | Reached XP level 5. HP: 32/32 MP: 5/5
  3187 | D:4      | Noticed an ogre
  3194 | D:4      | Killed an ogre
  3194 | D:4      | Reached XP level 6. HP: 31/37 MP: 6/6
  3423 | D:4      | Got an ivory flail
  3597 | D:4      | Found a radiant altar of Vehumet.
  3708 | D:5      | Entered Level 5 of the Dungeon
  3940 | D:5      | Noticed Edmund
  3953 | D:5      | Killed Edmund
  3953 | D:5      | Reached skill level 5 in Fighting
  3953 | D:5      | Reached XP level 7. HP: 44/44 MP: 7/7
  3961 | D:5      | Identified the +2 flail "Sunau" {antimagic, rC+} (You found
                  | it on level 4 of the Dungeon)
  3990 | D:5      | Found a staircase to the Ecumenical Temple.
  4440 | D:5      | Reached XP level 8. HP: 39/53 MP: 2/8
  4748 | D:5      | Reached ** piety under Makhleb
  5205 | D:6      | Identified the cursed +1 leather armour of Uskayaw's Hope
                  | {+Blink rElec Str+2}
  5244 | D:6      | Noticed Prince Ribbit
  5407 | D:6      | HP: 1/55 [Prince Ribbit (11)]
  5408 | D:6      | Killed Prince Ribbit
  5893 | D:6      | Found a snail-covered altar of Cheibriados.
  6139 | D:6      | Reached XP level 9. HP: 53/60 MP: 3/9
  6294 | D:6      | Gained mutation: You are agile. (Dex +2) [potion of
                  | mutation]
  6294 | D:6      | Gained mutation: You are frail. (-10% HP) [potion of
                  | mutation]
  6294 | D:6      | Gained mutation: You do not regenerate when monsters are
                  | visible. [potion of mutation]
  6294 | D:6      | Gained mutation: Your spells are a little harder to cast,
                  | but a little more powerful. [potion of mutation]
  6333 | D:6      | Lost mutation: Your spells are a little harder to cast, but
                  | a little more powerful. [potion of mutation]
  6333 | D:6      | Lost mutation: You are frail. (-10% HP) [potion of
                  | mutation]
  6333 | D:6      | Lost mutation: You do not regenerate when monsters are
                  | visible. [potion of mutation]
  6333 | D:6      | Lost mutation: You are agile. (Dex +2) [potion of mutation]
  6333 | D:6      | Gained mutation: Your body sometimes deteriorates upon
                  | taking damage. [potion of mutation]
  6333 | D:6      | Gained mutation: Your body often deteriorates upon taking
                  | damage. [potion of mutation]
  6333 | D:6      | Gained mutation: You have an increased reservoir of magic.
                  | (+10% MP) [potion of mutation]
  6333 | D:6      | Gained mutation: Your flesh is cold resistant. (rC+)
                  | [potion of mutation]
  7076 | D:7      | Reached skill level 10 in Fighting
  7226 | D:7      | Reached skill level 10 in Maces & Flails
  7238 | D:7      | Reached *** piety under Makhleb
  7630 | D:8      | Noticed Erica
  7649 | D:8      | Noticed a hellwing
  7653 | D:8      | HP: 1/62 [hellwing[the player character] (6)]
  7653 | D:8      | Slain by a hellwing

Illustrated notes

Levels and vault maps discovered:
D:1:      saegor_arrival_simple_e, layout_basic
D:2:      layout_basic, nicolae_overflow_quartered_altars
D:3:      layout_rooms
D:4:      layout_loops_ring, kennysheep_mini, first_ration
D:5:      layout_cave_pools, minmay_temple_entry_gardened_gates,
          roderic_serpentine_path, hangedman_glass_teeth, uniq_edmund
D:6:      layout_rooms, cheibrodos_sewer_entry_sluice, cheibrodos_worm_habitat,
          uniq_prince_ribbit1
D:7:      layout_rooms
D:8:      layout_loops_corners, zin_scriptorium, lair_entry_dummy, uniq_harold,
          uniq_erica

Skill      XL: |  1  2  3  4  5  6  7  8  9 |
---------------+----------------------------+-----
Maces & Flails | 3 4 5 6 8 10 | 10.2
Fighting       | 5 7 9 10 | 10.3
Armour         | |  3.2
Shields        | |  3.2

Action                   |  1- 3 |  4- 6 |  7- 9 || total
-------------------------+-------+-------+-------++-------
Melee: Flail             |   149 |    34 |   367 ||   550
       Whip              |       |   166 |     2 ||   168
 Fire: Hunting sling     |       |    12 |    28 ||    40
Throw: Stone             |     8 |     9 |     3 ||    20
Invok: Lesser Servant of |       |       |     1 ||     1
  Use: Scroll            |       |     4 |     3 ||     7
       Potion            |       |     1 |    14 ||    15
  Eat: Chunk             |     2 |     8 |     9 ||    19
       Ration            |       |       |     1 ||     1
Armor: Scale mail        |    87 |    97 |   180 ||   364
Dodge: Dodged            |    66 |    66 |   146 ||   278
Block: Kite shield       |     1 |       |       ||     1

Table legend:
 A = Non-vault XP
 B = Vault XP
 C = Vault XP percentage of total XP
 D = Non-vault monster count
 E = Vault monster count
 F = Vault count percentage of total count
                 A         B        C        D         E       F
            +---------+---------+-------+---------+---------+-------
      Total |    3973 |     447 |  10.1 |     159 |       5 |   3.0
            +---------+---------+-------+---------+---------+-------
        D:1 |      36 |       0 |   0.0 |      22 |       0 |   0.0
        D:2 |      99 |       0 |   0.0 |      26 |       0 |   0.0
        D:3 |      35 |       0 |   0.0 |      15 |       0 |   0.0
        D:4 |     209 |       0 |   0.0 |      16 |       0 |   0.0
        D:5 |    1220 |     158 |  11.5 |      25 |       1 |   3.8
        D:6 |     788 |     289 |  26.8 |      16 |       4 |  20.0
        D:7 |    1451 |       0 |   0.0 |      33 |       0 |   0.0
        D:8 |     135 |       0 |   0.0 |       6 |       0 |   0.0
            +---------+---------+-------+---------+---------+-------
